 Dungeon Crawl Stone Soup version 0.23.2-1-ga50397a6bc (console) character file.

Game seed: 10803579823654882816

2867 Dragon00 the Cleaver (level 9, -5/84 HPs)
             Began as a Minotaur Berserker on May 16, 2019.
             Was an Elder of Trog.
             Slain by an orc warrior
             ... wielding a cursed +0 halberd
              (18 damage)
             ... in a bailey on May 17, 2019.
             The game lasted 01:04:46 (6501 turns).

Dragon00 the Cleaver (Minotaur Berserker)           Turns: 6501, Time: 01:04:46

Health: -5/84      AC: 14    Str: 25    XL:     9   Next: 47%
Magic:  8/8        EV: 12    Int:  4    God:    Trog [****..]
Gold:   412        SH:  0    Dex: 14    Spells: 8/8 levels left

rFire    . . .     SeeInvis .   a - +0 battleaxe
rCold    . . .     Gourm    .   (shield currently unavailable)
rNeg     . . .     Faith    .   A - +0 chain mail
rPois    .         Spirit   .   (helmet restricted)
rElec    .         Reflect  .   x - +0 cloak
rCorr    .         Harm     .   s - +0 pair of gloves (curse)
MR       ++...                  j - +0 pair of boots
Stlth    ..........             (no amulet)
HPRegen  1.24/turn              n - +4 ring of strength
MPRegen  0.11/turn              (no ring)

@: regenerating, lightly drained
A: retaliatory headbutt, horns 2
a: Berserk, Trog's Hand, Brothers in Arms, Renounce Religion


You were in a bailey.
You worshipped Trog.
Trog was greatly pleased with you.
You were hungry.

You visited 1 branch of the dungeon, and saw 7 of its levels.
You also visited: Bailey.

You collected 412 gold pieces.

Inventory:

Hand Weapons
 a - a +0 battleaxe (weapon)
 b - the +0 hunting sling "Caterah" {venom, rF+++ rN+++ Int-2 Dex-5}
   (You found it on level 4 of the Dungeon)

   It poisons the ammo it fires.
   It affects your intelligence (-2).
   It affects your dexterity (-5).
   It renders you almost immune to fire.
   It renders you almost immune to negative energy.
 u - a +0 morningstar
Missiles
 d - 199 stones
 p - a throwing net
 t - 12 tomahawks (quivered)
Armour
 j - a +0 pair of boots (worn)
 s - a cursed +0 pair of gloves (worn)
 w - a scarf of cloud immunity
 x - a +0 cloak (worn)
 A - a +0 chain mail (worn)
Jewellery
 e - an uncursed ring of magical power
 n - a +4 ring of strength (left hand)
Wands
 g - a wand of iceblast (8)
 m - a wand of enslavement (5)
 q - a wand of random effects (18)
 v - a wand of acid (9)
Scrolls
 f - 3 scrolls of remove curse
 k - a scroll of fear {unknown}
 o - a scroll of teleportation
 y - a scroll of identify
Potions
 h - 2 potions of agility {unknown}
 i - a potion of heal wounds
 l - 3 potions of curing
 r - a potion of cancellation {unknown}
 z - a potion of ambrosia
 B - 2 potions of invisibility {unknown}
Comestibles
 c - 15 rations
 C - 5 chunks of flesh


   Skills:
 * Level 9.6(9.4) Fighting
 * Level 9.6(9.5) Axes
 + Level 7.0(6.9) Armour
 + Level 6.4(6.3) Dodging


You had 8 spell levels left.
You didn't know any spells.
Your spell library was empty.

Dungeon Overview and Level Annotations

Branches:
Dungeon (7/15)             Temple (0/1) D:4

Altars:
Ashenzari
Cheibriados
Gozag
Zin

Shops:
D:6 (

Annotations:
D:6 exclusion: oklob plant


Innate Abilities, Weirdness & Mutations

You reflexively headbutt those who attack you in melee.
You have a pair of horns on your head.


Message History

Aim: an orc warrior, wielding a +0 halberd and wearing a cursed -1 scale mail (unusually strong)
You shoot a stone. The stone hits the orc warrior.
The orc warrior is poisoned.
The orc warrior is lightly wounded.
The orc warrior shoots a bolt.
The bolt hits you!
The orc warrior hits you from afar with a +0 halberd!
The orc warrior hits you from afar with a cursed +0 halberd!!
You hear a shout!
The +0 hunting sling "Caterah" {venom, rF+++ rN+++ Int-2 Dex-5} stops dripping with poison.
a - a +0 battleaxe (weapon)
The orc warrior hits you from afar with a +0 halberd.
Your skin crawls.
You feel resistant to hostile enchantments.
You feel somewhat more hungry.
The orc warrior hits you from afar with a cursed +0 halberd!!
* * * LOW HITPOINT WARNING * * *
The orc warrior shoots a bolt.
The bolt barely misses you.
There is a gate leading back out of this place, spattered with blood here.
The orc warrior closely misses you.
The orc warrior hits you from afar with a cursed +0 halberd!!
You die...

#### ##∩## ####
....##...##....
≈≈≈.(#...#..≈≈≈
≈.≈≈.......≈≈o≈
o≈.......≈o
..(.... #.oo#
#.((# ##@## ###


You could see 2 orc warriors.

Vanquished Creatures
  Pikel (D:6)
  A hippogriff (D:7)
  A hungry ghost (D:7)
  An ice beast (D:6)
  2 sky beasts
  An orc warrior (D:6)
  A phantom (D:7)
  3 ogres
  2 centaurs
  A necrophage (D:7)
  2 big kobolds
  2 scorpions
  4 wights
  A centaur zombie (D:7)
  3 crimson imps
  An orc priest (D:5)
  A hound (D:5)
  3 orc wizards
  A jelly (D:6)
  A bullfrog skeleton (D:4)
  Crazy Yiuf (D:3)
  Terence (D:3)
  4 worker ants
  2 hound skeletons
  3 worker ant zombies
  A howler monkey skeleton (D:6)
  7 gnolls (D:6)
  6 adders
  A shadow imp (D:5)
  An ooze (D:5)
  2 adder skeletons
  2 worms (D:3)
  3 dart slugs
  4 leopard geckos
  15 orcs
  2 ball pythons (D:3)
  6 bats
  4 giant cockroaches
  6 goblins
  6 hobgoblins
  5 jackals
  5 quokkas
  3 frilled lizards
  A jackal skeleton (D:4)
  12 kobolds
  A leopard gecko skeleton (D:4)
  12 rats
149 creatures vanquished.

Vanquished Creatures (others)
  3 slaves (D:6)
3 creatures vanquished.

Grand Total: 152 creatures vanquished

Notes
Turn   | Place    | Note
-------+----------+-------------------------------------------
     0 | D:1      | Dragon00 the Minotaur Berserker began the quest for the
                  | Orb.
     0 | D:1      | Reached XP level 1. HP: 19/19 MP: 0/0
   245 | D:1      | Reached XP level 2. HP: 13/27 MP: 1/1
  1098 | D:2      | Reached XP level 3. HP: 23/33 MP: 2/2
  1467 | D:2      | Reached XP level 4. HP: 40/40 MP: 3/3
  1828 | D:2      | Found an opulent altar of Gozag.
  2187 | D:3      | Noticed Terence
  2202 | D:3      | Killed Terence
  2295 | D:3      | Reached ** piety under Trog
  2591 | D:3      | Reached XP level 5. HP: 45/47 MP: 4/4
  2826 | D:3      | Reached skill level 5 in Axes
  2836 | D:3      | Reached skill level 5 in Fighting
  2969 | D:3      | Found a runed translucent door.
  2970 | D:3      | Noticed Crazy Yiuf
  2976 | D:3      | Killed Crazy Yiuf
  2976 | D:3      | Reached XP level 6. HP: 56/56 MP: 5/5
  3301 | D:4      | Got a crystal hunting sling
  3302 | D:4      | Identified the cursed +0 hunting sling "Caterah" {venom,
                  | rF+++ rN+++ Int-2 Dex-5} (You found it on level 4 of the
                  | Dungeon)
  3316 | D:4      | Found a snail-covered altar of Cheibriados.
  3363 | D:4      | Found a glowing silver altar of Zin.
  3363 | D:4      | Noticed an angel
  3482 | D:4      | Reached *** piety under Trog
  3595 | D:4      | Found a staircase to the Ecumenical Temple.
  4211 | D:5      | Entered Level 5 of the Dungeon
  4216 | D:5      | Reached XP level 7. HP: 58/63 MP: 6/6
  4459 | D:5      | Reached skill level 5 in Armour
  4703 | D:5      | Reached XP level 8. HP: 42/73 MP: 7/7
  5111 | D:6      | Reached skill level 5 in Dodging
  5305 | D:6      | Found a shattered altar of Ashenzari.
  5305 | D:6      | Noticed an oklob plant
  5557 | D:6      | Reached **** piety under Trog
  5642 | D:6      | Noticed Pikel
  5656 | D:6      | Killed Pikel
  5656 | D:6      | Reached XP level 9. HP: 82/82 MP: 8/8
  5816 | D:6      | Found Fucwouhoigg's Antique Weapon Emporium.
  6335 | D:7      | Paralysed by fainting for 7 turns
  6479 | D:7      | Found a flagged portal.
  6490 | Bailey   | Entered a bailey
  6490 | Bailey   | Noticed an orc knight
  6501 | Bailey   | Slain by an orc warrior

Skill      XL: |  1  2  3  4  5  6  7  8  9 |
---------------+----------------------------+-----
Axes           | 4 5 6 7 8 9 |  9.6
Fighting       | 4 5 6 7 8 9 |  9.6
Armour         | 3 4 5 6 7 |  7.0
Dodging        | 3 4 5 6 |  6.4

Action                   |  1- 3 |  4- 6 |  7- 9 || total
-------------------------+-------+-------+-------++-------
Melee: Hand axe          |    73 |   114 |       ||   187
       Headbutt          |     5 |    21 |    24 ||    50
       War axe           |       |    10 |    37 ||    47
       Battleaxe         |       |       |    88 ||    88
 Fire: Hunting sling     |    17 |    49 |    85 ||   151
Throw: Stone             |     2 |     1 |       ||     3
       Tomahawk          |       |     2 |     3 ||     5
Invok: Berserk           |       |     1 |     1 ||     2
       Trog's Hand       |       |       |     1 ||     1
  Use: Scroll            |     2 |     6 |     2 ||    10
       Potion            |       |     5 |       ||     5
 Stab: Sleeping          |     1 |       |       ||     1
  Eat: Chunk             |     2 |     9 |     7 ||    18
       Ration            |       |       |     1 ||     1
Armor: Animal skin       |    16 |       |       ||    16
       Scale mail        |     2 |    46 |     9 ||    57
       Chain mail        |       |       |    67 ||    67
Dodge: Dodged            |    42 |    54 |    68 ||   164
